 Dungeon Crawl Stone Soup version 0.18-a0-102-gb1241f3 (webtiles) character file.

205 Badjas the Sneak (level 5, -1/36 HPs)
             Began as an Octopode Assassin on Nov 15, 2015.
             Slain by a river rat (5 damage)
             ... on level 4 of the Dungeon.
             The game lasted 00:17:24 (2754 turns).

Badjas the Sneak (Octopode Assassin)                Turns: 2754, Time: 00:17:24

Health: -1/36      AC:  3    Str: 11    XL:     5   Next: 83%
Magic:  5/5        EV: 13    Int: 14    God:
Gold:   165        SH:  0    Dex: 13    Spells: 0 memorised, 4 levels left

rFire  . . .     SeeInvis +     I - +1 rapier (holy)
rCold  . . .     Clarity  .     (no shield)
rNeg   . . .     SustAt   .     (helmet restricted)
rPois  +         Gourm    .     v - amulet of resist corrosion
rElec  .         Spirit   .     o - ring of poison resistance
rCorr  +         Warding  .     D - +2 ring of protection
rMut   .         Stasis   .     F - ring of see invisible
MR     .....                    (no ring)
Stlth  +++++.....               (no ring)
                                (no ring)
                                (no ring)
                                (no ring)

@: not resistant to hostile enchantments, quite stealthy
A: almost no armour, amphibious, 8 rings, constrict 8, camouflage 1, gelatinous
body 1
a: no special abilities


You were on level 4 of the Dungeon.
You were hungry.

You visited 1 branch of the dungeon, and saw 4 of its levels.

You collected 165 gold pieces.

Inventory:

Hand Weapons
 a - a +2 dagger
 b - a +0 blowgun
 B - a +2 falchion of slicing
 I - a +1 rapier of holy wrath (weapon)
Missiles
 c - 8 poisoned needles
 d - 2 curare-tipped needles
 h - 120 stones (quivered)
 l - 8 tomahawks
 q - 13 sling bullets
 H - 4 steel javelins
Armour
 y - a +0 helmet
Jewellery
 o - a ring of poison resistance (left tentacle)
 v - an amulet of resist corrosion (around mantle)
 D - a +2 ring of protection (right tentacle)
 F - a ring of see invisible (on tentacle)
Scrolls
 f - 4 scrolls of identify {unknown}
 g - 3 scrolls of immolation {unknown}
 i - a scroll of blinking {unknown}
 n - 3 scrolls of remove curse {unknown}
 t - a scroll of enchant armour {unknown}
 x - 2 scrolls of teleportation {unknown}
 G - a scroll of recharging {unknown}
Potions
 j - 3 potions of might {unknown}
 k - 2 potions of cancellation {unknown}
 m - a potion of heal wounds {unknown}
 p - a potion of agility {unknown}
 r - a potion of lignification {unknown}
 s - 3 potions of poison {unknown}
 u - a potion of beneficial mutation {unknown}
 w - 2 potions of degeneration {unknown}
 z - a potion of resistance {unknown}
 A - 4 potions of ambrosia {unknown}
 E - a potion of invisibility {unknown}
 J - a potion of brilliance {unknown}
Comestibles
 e - 3 bread rations
 C - 2 beef jerkies


   Skills:
 + Level 3.3 Fighting
 - Level 2.0 Short Blades
 - Level 2.0 Throwing
 + Level 3.5 Dodging
 - Level 7.1 Stealth


You had 4 spell levels left.
You didn't know any spells.

Dungeon Overview and Level Annotations

Branches:
Dungeon (4/15)
 Temple: D:4-7

Altars:
Dithmenos
Gozag


Innate Abilities, Weirdness & Mutations

You cannot wear most types of armour.
You are amphibious.
You can wear up to eight rings at the same time.
You can use your tentacles to constrict eight enemies at once.
Your skin changes colour to match your surroundings (Stealth).
Your rubbery body absorbs attacks (AC +1).


Message History

The rat misses you. The river rat bites you.
You hit the river rat. Your squeeze misses the river rat.
The river rat is moderately wounded.
You constrict the river rat, but do no damage.
The rat closely misses you. The river rat completely misses you.
The rat closely misses you.
You hit the river rat but do no damage.
The river rat is moderately wounded.
You constrict the river rat. The river rat bites you!
* * * LOW HITPOINT WARNING * * *
The rat barely misses you.
Unknown command.
Drink which item? (? for menu, Esc to quit)
Okay, then.
You hit the river rat but do no damage. Your squeeze misses the river rat.
The river rat is heavily wounded.
You constrict the river rat, but do no damage.
The river rat bites you but does no damage.
The rat barely misses you. The river rat bites you.
You die...

#..# ##.#
#.##
#.†########
#....†....#
#......≈..#
#....≈..≈s#
#...≈≈≈≈≈≈#
#...@≈#####
#..rr≈+
#..≈≈≈#
#...≈≈+
#######


You could see a river rat, a giant cockroach (sleeping) and a rat.

Vanquished Creatures
  A hound (D:4)
  An orc wizard (D:2)
  An iguana (D:4)
  A gnoll (D:1)
  4 adders
  An ooze (D:1)
  A worm (D:3)
  6 giant geckos
  9 orcs (D:3)
  3 ball pythons
  3 giant cockroaches
  6 goblins
  4 hobgoblins
  4 jackals (D:2)
  7 bats
  2 giant newts
  4 kobolds
  A quokka (D:4)
  8 rats
67 creatures vanquished.

Notes
Turn   | Place    | Note
--------------------------------------------------------------
     0 | D:1      | Badjas the Octopode Assassin began the quest for the Orb.
     0 | D:1      | Reached XP level 1. HP: 14/14 MP: 1/1
   341 | D:1      | Reached XP level 2. HP: 19/19 MP: 2/2
   431 | D:1      | Reached skill level 6 in Stealth
   645 | D:1      | Reached XP level 3. HP: 24/24 MP: 3/3
  1188 | D:2      | Reached skill level 7 in Stealth
  1311 | D:2      | Reached XP level 4. HP: 26/29 MP: 4/4
  1581 | D:2      | Found an opulent altar of Gozag.
  2069 | D:3      | Reached XP level 5. HP: 36/36 MP: 5/5
  2631 | D:4      | Found a shadowy altar of Dithmenos.
  2754 | D:4      | Slain by a river rat

Vault maps used:
D:1:      minmay_arrival_nine_rooms
D:2:      nicolae_overflow_hidden_temple, serial_bayou_pond_c
D:3:      first_bread
D:4:      portal_sewer_entry_e, nicolae_dithmenos_through_a_glass_darkly

Action                   |  1- 3 |  4- 6 || total
-------------------------+-------+-------++-------
Melee: Dagger            |    42 |    42 ||    84
       Rapier            |       |    41 ||    41
Throw: Tomahawk          |     3 |       ||     3
       Stone             |       |     5 ||     5
 Stab: Sleeping          |    16 |    11 ||    27
  Eat: Chunk             |     1 |     4 ||     5
